 Dungeon Crawl Stone Soup version 0.14.2 (webtiles) character file.

64 Amnesiac the Charlatan (level 2, -1/15 HPs)
             Began as a Spriggan Artificer on Feb 4, 2018.
             Slain by an adder (5 damage)
             ... on Level 2 of the Dungeon.
             The game lasted 00:01:05 (911 turns).

Amnesiac the Charlatan (Spriggan Artificer)          Turns: 911, Time: 00:01:05

HP  -1/15        AC  2     Str  7      XL: 2   Next: 75%
MP   5/5         EV 18     Int 13      God:
Gold 41          SH  0     Dex 16      Spells:  0 memorised,  1 level left

rFire  . . .     SeeInvis +     a - +0 short sword
rCold  . . .     Clarity  .     e - +0 robe
rNeg   . . .     Conserve .     (shield restricted)
rPois  .         rCorr    .     (helmet restricted)
rElec  .         rRot     .     (no cloak)
SustAb . .       Spirit   .     (gloves unavailable)
rMut   .         Warding  .     (boots unavailable)
Saprov . . .     Stasis   .     (no amulet)
MR     .....                    (no ring)
                                (no ring)

@: lethally poisoned, very quick, not resistant to hostile enchantments, fairly
stealthy
A: unfitting armour, see invisible, herbivore 3, speed 3, slow metabolism 2
a: no special abilities


You were on level 2 of the Dungeon.
You were not hungry.

You visited 1 branch of the dungeon, and saw 2 of its levels.

You collected 41 gold pieces.

Inventory:

Hand weapons
 a - a +0,+0 short sword (weapon)
Armour
 e - a +0 robe (worn)
Magical devices
 b - a wand of flame (8)
 c - a wand of enslavement (15)
 d - a wand of random effects (15)
Comestibles
 m - a choko
 n - a bread ration
 o - a meat ration
Scrolls
 h - a scroll of teleportation {!r, unknown}
 i - a scroll of enchant weapon I {!r, unknown}
 j - a scroll of identify {!r, unknown}
 k - a scroll of remove curse {!r, unknown}
 p - a scroll of random uselessness {!r, unknown}
 q - a scroll of enchant armour {!r, unknown}
Potions
 f - a potion of porridge {!q}
 g - a potion of haste {!q, unknown}
 l - a potion of curing {!q, unknown}


   Skills:
 + Level 2.2 Fighting
 - Level 1.1 Short Blades
 - Level 3.0 Dodging
 - Level 1.5 Stealth
 - Level 4.0 Evocations


You had one spell level left.
You didn't know any spells.

Dungeon Overview and Level Annotations

Branches:
Dungeon (2/15)

Altars:


Innate Abilities, Weirdness & Mutations

You are tiny and cannot use many weapons and most armour.
You have supernaturally acute eyesight.
You are a herbivore.
You cover ground extremely quickly.
You need consume almost no food.


Message History

Done exploring.
Done exploring.
Search for what [? for help]? arr You see here 21 arrows of flame.
q - 21 arrows of flame
There is an escape hatch in the floor here.
You slide downwards.
The hatch slams shut behind you.
Found 17 gold pieces and a dagger.
You now have 41 gold pieces (gained 17).
Found a scale mail.
You see here a scale mail.
Found 5 large rocks.
An adder comes into view.
Found a scroll labeled KUMEMPINIE.
The helpless adder fails to defend itself.
You slash the adder!
The adder is heavily wounded.
The adder closely misses you. The adder bites you.
You closely miss the adder.
The adder is heavily wounded.
The adder misses you.
You hit the adder.
The adder is almost dead.
The adder misses you. The adder bites you.
You hit the adder.
You kill the adder!
Your Fighting skill increases to level 2!
No target in view!
You start resting.
Drop what? (_ for help) (? for menu, Esc to quit)
You drop 21 arrows of flame.
q - a scroll labeled KUMEMPINIE {!r} An adder comes into view.
An adder is nearby!
You closely miss the adder. The adder bites you.
You hit the adder.
The adder is lightly wounded.
The adder barely misses you.
You hit the adder but do no damage.
The adder is lightly wounded.
The adder closely misses you. The adder bites you.
You are poisoned.
The adder poisons you!
You hit the adder.
The adder is lightly wounded.
You feel sick. The adder closely misses you.
You barely miss the adder.
The adder is lightly wounded.
You feel sick. The adder completely misses you. The adder bites you.
* * * LOW HITPOINT WARNING * * *
You closely miss the adder.
The adder is lightly wounded.
The adder misses you.
You hit the adder.
The adder is heavily wounded.
* * * LOW HITPOINT WARNING * * *
You feel sick. The adder bites you.
* * * LOW HITPOINT WARNING * * *
You are more poisoned.
The adder poisons you!
You closely miss the adder.
The adder is heavily wounded.
The adder closely misses you. The adder bites you.
You die...

#######
#..#..########## #
#.#..###.#.....#.#
#..#..##..#.......
####........#........#
#............@S.......
#.####################
#...# ###.# #.# #.#
#.# #.# #.# .#####


You could see an adder.

Vanquished Creatures
  An adder (D:2)
  A goblin (D:1)
  3 hobgoblins (D:1)
  4 jackals (D:1)
  3 giant newts (D:1)
12 creatures vanquished.

Notes
Turn   | Place    | Note
--------------------------------------------------------------
     0 | D:1      | Amnesiac, the Spriggan Artificer, began the quest for the Orb.
     0 | D:1      | Reached XP level 1. HP: 9/9 MP: 2/2
    72 | D:1      | Reached skill level 1 in Fighting
   238 | D:1      | Reached XP level 2. HP: 2/15 MP: 5/5
   911 | D:2      | Slain by an adder

Action                   || total
-------------------------++-------
Melee: Short sword       ||    41
Evoke: Wand              ||     7
 Stab: Sleeping          ||     2
